 Dungeon Crawl Stone Soup version 0.28.0-62-gf88900778d (webtiles) character file.

Game seed: 15142633916005132389

1824 cbfl8 the Covert (level 9, -10/46 HPs)
             Began as a Kobold Fighter on Oct 14, 2023.
             Was a Follower of Hepliaklqana.
             Mangled by a spriggan
             ... wielding a +0 trident
              (18 damage)
             ... in a bailey.
             The game lasted 00:09:48 (8599 turns).

cbfl8 the Covert (Kobold Fighter)                   Turns: 8599, Time: 00:09:49

Health: -10/46     AC:  7    Str: 13    XL:     9   Next: 32%
Magic:  9/9        EV: 15    Int:  9    God:    Hepliaklqana [*.....]
Gold:   241        SH:  6    Dex: 19    Spells: 8/8 levels left

rFire   . . .      SeeInvis .   p - +2 short sword (venom)
rCold   . . .      Faith    .   c - +0 buckler
rNeg    . . .      Spirit   .   l - +0 ring mail
rPois   .          Reflect  .   (no helmet)
rElec   .          Harm     .   (no cloak)
rCorr   .          Rampage  .   (no gloves)
Will    .....                   e - +0 pair of boots
Stlth   +++++.....              (no amulet)
HPRegen 0.15/turn               (no ring)
MPRegen 0.11/turn               (no ring)

@: no status effects
A: reduced essence, small, no large weapons, nightstalker 3
a: Renounce Religion, Recall Ancestor, Ancestor Identity


You were in a bailey.
You worshipped Hepliaklqana.
Hepliaklqana was aware of your devotion.
You visited 2 branches of the dungeon, and saw 8 of its levels.
You also visited: Bailey.

You collected 306 gold pieces.
You spent 65 gold pieces at shops.

Inventory:

Hand Weapons
 a - a +0 rapier
 f - a +1 dagger of venom
 p - a +2 short sword of venom (weapon)
Armour
 c - a +0 buckler (worn)
 e - a +0 pair of boots (worn)
 l - a +0 ring mail (worn)
Wands
 q - a wand of digging (9)
Scrolls
 d - a scroll of fog
 n - a scroll of brand weapon
 s - a scroll of teleportation {unknown}
Potions
 b - a potion of curing {unknown}
 g - a potion of lignification {unknown}
 h - a potion of invisibility {unknown}
 j - a potion of haste {unknown}
 m - a potion of degeneration {unknown}
 o - 2 potions of brilliance {unknown}
 t - 4 potions of attraction {unknown}
 u - a potion of flight {unknown}


   Skills:
 + Level 4.7 Fighting
 + Level 6.7 Short Blades
 + Level 4.7 Armour
 * Level 5.2 Dodging
 * Level 10.0 Stealth
 + Level 2.9 Shields
 - Level 0.3 Evocations


You had 8 spell levels left.
You didn't know any spells.
Your spell library was empty.

Dungeon Overview and Level Annotations

Branches:
Dungeon (7/15)             Temple (1/1) D:4          Bailey (1/1)

Altars:
Dithmenos
Elyvilon
Fedhas
Gozag
Hepliaklqana
Kikubaaqudgha
Makhleb
Nemelex Xobeh
Okawaru
Ru
Sif Muna
Trog
Uskayaw
Vehumet
Wu Jian
Xom
Zin
The Shining One

Shops:
D:3 ![[   D:5 :


Innate Abilities, Weirdness & Mutations

Your life essence is reduced to manifest your ancestor. (-10% HP)
You are small and have problems with some larger weapons.
You are completely attuned to the shadows.


Message History

You puncture the ogre!
The ogre looks as sick as possible!
The ogre is almost dead.
You kill the ogre!
Your Stealth skill increases to level 10!
You start resting.
HP restored.
You swap places.
You enter the shallow water.
Moving in this stuff is going to be slow.
Things that are here:
a +0 glaive; an ogre corpse An ogre comes into view.
It is wielding a +0 glaive.
An ogre comes into view. It is wielding a +0 glaive.
The ogre shouts! x2; You hear a shout!
The ogre misses you.
The ogre hits you from afar with a +0 glaive!
A spriggan comes into view. It is wielding a +0 trident.
You hear two shouts!
You hear a shout!
The spriggan shouts!
You hit the ogre.
The ogre is lightly wounded.
You hear a roar!
You hear a shout!
The ogre hits you with a +0 glaive! The ogre barely misses you.
Unknown command.
You are too injured to fight recklessly!
Unknown command.
You are too injured to fight recklessly!
Unknown command.
Valentine completely misses the spriggan.
The ogre closely misses you.
The spriggan hits you from afar with a +0 trident.
The ogre hits Valentine with a +0 glaive!!
Valentine closely misses the ogre.
Valentine has departed this plane of existence.
The spriggan hits you from afar with a +0 trident!
* * * LOW HITPOINT WARNING * * *
You hear a shout!
You hear a shout!
The spriggan hits you from afar with a +0 trident!!
You die...

##...........##
##.........##
###≈≈≈≈≈###
#≈≈≈≈≈#
##≈≈≈≈≈#
##)......
##........
##..#######
##.@♣♣ ##..#♣
#.i## #.O# #..#
#..# #..♣ #..#
#.R#


You could see an ogre and a spriggan.

Vanquished Creatures
  2 black bears
  A sky beast (D:3)
  An ogre (Bailey)
  2 phantoms (D:5)
  A bullfrog (D:7)
  A kobold brigand (D:6)
  7 scorpions
  A centaur zombie (D:5)
  3 orc priests
  2 jellies (D:6)
  3 iguanas
  6 gnolls
  5 adders
  2 adder skeletons
  2 worms
  4 dart slugs
  17 orcs
  6 endoplasms
  7 giant cockroaches
  7 goblins
  10 hobgoblins
  5 jackals
  11 kobolds
  6 quokkas
  7 ball pythons
  4 bats
  5 frilled lizards
  4 rats
132 creatures vanquished.

Vanquished Creatures (collateral kills)
  A black bear (D:6)
  An ice beast (D:6)
  A centaur (D:6)
  An adder (D:6)
  3 kobolds (D:6)
7 creatures vanquished.

Vanquished Creatures (others)
  3 ancestors
3 creatures vanquished.

Grand Total: 142 creatures vanquished

Notes
Turn   | Place    | Note
-------+----------+-------------------------------------------
     0 | D:1      | cbfl8 the Kobold Fighter began the quest for the Orb.
     0 | D:1      | Reached XP level 1. HP: 14/14 MP: 1/1
    82 | D:1      | Reached XP level 2. HP: 15/19 MP: 2/2
   195 | D:1      | Found a faded altar of an unknown god.
   618 | D:1      | Reached skill level 1 in Stealth
   618 | D:1      | Reached XP level 3. HP: 23/23 MP: 3/3
   920 | D:1      | Reached skill level 1 in Dodging
  1596 | D:2      | Reached XP level 4. HP: 29/29 MP: 4/4
  1907 | D:2      | Reached skill level 2 in Stealth
  2496 | D:3      | Reached XP level 5. HP: 33/33 MP: 5/5
  2650 | D:3      | Found Ganusomu's Distillery.
  2658 | D:3      | Bought a potion of heal wounds for 65 gold pieces
  2684 | D:3      | Found a shadowy altar of Dithmenos.
  3007 | D:3      | Found Xioqythre's Armour Boutique.
  3017 | D:3      | Reached skill level 3 in Stealth
  3265 | D:3      | Found Boaphi's Armour Emporium.
  3277 | D:3      | Found a hide-covered altar of Uskayaw.
  3350 | D:3      | Found Hyomixtug's Antique Armour Emporium.
  3572 | D:3      | Noticed a sky beast
  3578 | D:3      | Killed a sky beast
  3579 | D:3      | Reached skill level 4 in Stealth
  3579 | D:3      | Reached XP level 6. HP: 25/38 MP: 6/6
  3965 | D:3      | Found a bloodstained altar of Trog.
  3974 | D:3      | Found a radiant altar of Vehumet.
  4911 | D:4      | Found a staircase to the Ecumenical Temple.
  4944 | Temple   | Entered the Ecumenical Temple
  5154 | Temple   | Became a worshipper of Hepliaklqana the Forgotten
  5230 | D:4      | Noticed a black bear
  5234 | D:4      | Killed a black bear
  5235 | D:4      | Reached skill level 5 in Stealth
  5235 | D:4      | Reached XP level 7. HP: 43/43 MP: 7/7
  5862 | D:5      | Entered Level 5 of the Dungeon
  5892 | D:5      | Reached skill level 5 in Short Blades
  5919 | D:5      | Reached skill level 6 in Stealth
  6278 | D:5      | Found City's Book Shop.
  6362 | D:5      | Reached XP level 8. HP: 48/48 MP: 8/8
  6375 | D:5      | Found a shimmering altar of Xom.
  6588 | D:5      | Reached skill level 7 in Stealth
  6898 | D:6      | Reached * piety under Hepliaklqana
  7121 | D:6      | Reached skill level 8 in Stealth
  7320 | D:6      | Reached XP level 9. HP: 46/46 MP: 9/9
  7345 | D:6      | Reached skill level 9 in Stealth
  7535 | D:6      | Reached skill level 5 in Dodging
  7710 | D:6      | Found an opulent altar of Gozag.
  8399 | D:7      | Found a flagged portal.
  8420 | Bailey   | Entered a bailey
  8449 | Bailey   | Reached skill level 10 in Stealth
  8599 | Bailey   | Mangled by a spriggan

Illustrated notes

Levels and vault maps discovered:
D:1:      lightli_arrival_chessboard, layout_basic,
          hellmonk_ecumenical_altar_inner_sanctum, corexii_leaking_fountain,
          hangedman_decor_peaks_small, minmay_statues_item
D:2:      cheibrodos_pilgrimage, layout_basic
D:3:      layout_rooms, mainiacjoe_overflow_swirl, grunt_temple_overflow_open,
          serial_shops, shop, nicolae_shop_statue_plus, nicolae_shop_crystal,
          nicolae_square_shop
D:4:      layout_basic, minmay_temple_entry_butterflies, minmay_circle_x
D:5:      layout_cave_pools, xom_teletrap_fun, serial_shops, shop_statue
D:6:      layout_gridville, nicolae_gozag_cash_rules_everything_around_me,
          centaur_isle
D:7:      layout_basic, mainiacjoe_overflow_concentric_impassable,
          enter_bailey_4
Temple:   dpeg_chambers_temple
Bailey:   bailey_polearm_enchanted_keep_hellmonk, bailey

Skill      XL: |  1  2  3  4  5  6  7  8  9 |
---------------+----------------------------+-----
Short Blades   | 3 4 5 6 |  6.7
Stealth        | 1 2 4 5 6 8 10 | 10.0
Dodging        | 1 2 3 4 5 |  5.2
Armour         | 3 4 |  4.7
Fighting       | 4 |  4.7
Shields        | |  2.9
Evocations     | |  0.3

Action                   |  1- 3 |  4- 6 |  7- 9 || total
-------------------------+-------+-------+-------++-------
Melee: Dagger            |   106 |    93 |       ||   199
       Rapier            |     1 |       |       ||     1
       Short sword       |       |    42 |   136 ||   178
Invok: Ancestor Identity |       |       |     1 ||     1
Evoke: Wand              |       |     2 |     1 ||     3
  Use: Potion            |       |     3 |     1 ||     4
       Scroll            |       |       |     5 ||     5
 Stab: Sleeping          |     3 |    12 |    24 ||    39
       Distracted        |       |     1 |     1 ||     2
       Paralysed         |       |     1 |       ||     1
Armor: Scale mail        |    31 |       |       ||    31
       Ring mail         |     8 |    23 |    38 ||    69
Dodge: Dodged            |    52 |    45 |    72 ||   169
Block: Buckler           |    37 |    29 |    35 ||   101
